 Dungeon Crawl Stone Soup version 0.30-a0-122-g2a1322497e (webtiles) character file.

Game seed: 2174998432008822647

16 Dreamer the Sneak (level 2, 0/15 HPs)
             Began as a Vampire Enchanter on Sept 16, 2022.
             Slain by a giant cockroach (2 damage)
             ... on level 1 of the Dungeon.
             The game lasted 00:01:21 (329 turns).

Dreamer the Sneak (Vampire Enchanter)                Turns: 329, Time: 00:01:21

Health: 0/15       AC:  2    Str:  7    XL:     2   Next: 37%
Magic:  5/5        EV:  9    Int: 23    God:
Gold:   2          SH:  0    Dex: 14    Spells: 3/5 levels left

rFire   . . .      SeeInvis +    a - +1 dagger
rCold   + + .      Faith    .    (no shield)
rNeg    + + +      Spirit   .    b - +0 robe
rPois   ∞          Reflect  .    (no helmet)
rElec   .          Harm     .    (no cloak)
rCorr   .          Rampage  .    (no gloves)
Will    .....                    (no boots)
Stlth   +++++.....               (no amulet)
HPRegen 0.00/turn                e - +6 ring of intelligence
MPRegen 0.09/turn                (no ring)

@: bloodless, inhibited regen, constricted
A: bloodless, fangs 3, see invisible, vampiric 1
a: Revivify


You were on level 1 of the Dungeon.
You visited 1 branch of the dungeon, and saw 1 of its levels.

You collected 2 gold pieces.

Inventory:

Hand Weapons
 a - a +1 dagger (weapon)
Armour
 b - a +0 robe (worn)
Jewellery
 e - a +6 ring of intelligence (left hand)
Potions
 c - 2 potions of invisibility
 d - a potion of attraction {unknown}


   Skills:
 + Level 1.4 Short Blades
 + Level 2.3 Dodging
 * Level 4.9 Stealth
 + Level 2.1 Spellcasting
 + Level 4.6 Hexes


You had 3 spell levels left.
You knew the following spells:

 Your Spells              Type           Power      Damage    Failure   Level
a - Ensorcelled Hibernat  Hex/Ice        26%        N/A       8%          2

Your spell library contained the following spells:

 Spells                   Type           Power      Damage    Failure   Level
 Confusing Touch          Hex            24%        N/A       5%          3
 Tukima's Dance           Hex            24%        N/A       5%          3
 Dazzling Flash           Conj/Hex       26%        N/A       14%         3


Dungeon Overview and Level Annotations

Branches:
Dungeon (1/15)

Altars:


Innate Abilities, Weirdness & Mutations

You do not regenerate when monsters are visible.
You are frail without blood (-20% HP).
You can heal yourself when you bite living creatures.
You are immune to poison.
You have razor-sharp teeth.
You have supernaturally acute eyesight. (SInv)
You are afflicted with vampirism.


Message History

The giant cockroach closely misses you. The giant cockroach barely misses you.
You closely miss the giant cockroach. The giant cockroach closely misses you.
You hit the giant cockroach but do no damage.
The giant cockroach bites you but does no damage.
You hit the giant cockroach.
The giant cockroach is severely wounded.
The giant cockroach barely misses you.
You hit the giant cockroach.
The giant cockroach is almost dead.
The giant cockroach bites you but does no damage.
You hit the giant cockroach but do no damage.
The giant cockroach is severely wounded.
The giant cockroach barely misses you.
You hit the giant cockroach but do no damage.
The giant cockroach is severely wounded.
The giant cockroach bites you.
You hit the giant cockroach but do no damage.
The giant cockroach is severely wounded.
The giant cockroach bites you but does no damage.
The ball python barely misses you. The ball python grabs you.
The ball python constricts you.
You hit the giant cockroach.
The giant cockroach is almost dead.
The giant cockroach barely misses you. The ball python barely misses you.
The ball python constricts you. The giant cockroach barely misses you.
You hit the giant cockroach but do no damage.
The giant cockroach is almost dead.
The ball python bites you. The ball python constricts you.
* * * LOW HITPOINT WARNING * * *
The giant cockroach bites you but does no damage.
You barely miss the giant cockroach.
The giant cockroach is almost dead.
The rat closely misses you. The ball python barely misses you.
The ball python constricts you. The giant cockroach closely misses you.
You barely miss the giant cockroach. Your bite misses the giant cockroach.
The giant cockroach is almost dead.
The rat barely misses you. The ball python bites you.
* * * LOW HITPOINT WARNING * * *
The ball python constricts you. The giant cockroach bites you.
You die...

.# .. ##.#### .........
.(..... .........#
##.######........# .##
..##...!...# #.### ## ..##
...##......# ##.#.... ...##
...##.....# #....#.# ....##
..##..S.###....#.#
.....######.##.#@B........
...†.............r##.....
#..#....................##
..##...###.......##.....<##
#####...####..##..##....#.#
#.#.# ##...........>##
#####.#.### ####........##
#.........######........###
#..............#..........##


You could see a giant cockroach, a ball python and a rat.

Vanquished Creatures
  A ball python (D:1)
  An endoplasm (D:1)
  3 hobgoblins (D:1)
  3 jackals (D:1)
  A quokka (D:1)
  2 bats (D:1)
  A frilled lizard (D:1)
  2 rats (D:1)
14 creatures vanquished.

Notes
Turn   | Place    | Note
-------+----------+-------------------------------------------
     0 | D:1      | Dreamer the Vampire Enchanter began the quest for the Orb.
     0 | D:1      | Reached XP level 1. HP: 13/13 MP: 3/3
    77 | D:1      | Found a faded altar of an unknown god.
   136 | D:1      | Reached XP level 2. HP: 10/15 MP: 5/5
   240 | D:1      | Learned a level 2 spell: Ensorcelled Hibernation
   329 | D:1      | Slain by a giant cockroach

Illustrated notes

Levels and vault maps discovered:
D:1:      onia_arrival_handbag, layout_rooms,
          shapermc_ecumenical_altar_mp_vishouse, grunt_decor_mini_mirrors,
          minmay_parallelograms, hangedman_decor_riveting, chequers_avenue

Action                   || total
-------------------------++-------
Melee: Dagger            ||    42
       Bite              ||     2
 Abil: Exsanguinate      ||     1
 Stab: Sleeping          ||     6
Armor: Robe              ||     5
Dodge: Dodged            ||    27

Table legend: (Time is in decaauts)
 A = Elapsed time spent in this place.
 B = Non-inter-level travel time spent in this place.
 C = Inter-level travel time spent in this place.
 D = Time resting spent in this place.
 E = Time spent auto-exploring this place.
 F = Levels seen in this place.
 G = Mean time per level.
                   A        B        C        D        E       F      G
               +--------+--------+--------+--------+--------+-----+--------+
         Total |    325 |    325 |      0 |     92 |     85 |   1 |  325.0 |
       Dungeon |    325 |    325 |      0 |     92 |     85 |   1 |  325.0 |
               +--------+--------+--------+--------+--------+-----+--------+

Top non-repeatable levels by time:
     D:1: 325 daAuts
